 Dungeon Crawl Stone Soup version 0.18-a0-1203-gbde16db (webtiles) character file.

182 TheOrbIsALie the Conjurer (level 5, 0/52 HPs)
             Began as a Demonspawn Wizard on Feb 1, 2016.
             Succumbed to a worker ant's poison
             ... on level 5 of the Dungeon.
             The game lasted 00:07:01 (2375 turns).

TheOrbIsALie the Conjurer (Demonspawn Wizard)       Turns: 2375, Time: 00:07:01

Health: 0/52       AC: 12    Str: 12    XL:     5   Next: 35%
Magic:  1/9        EV: 16    Int: 26    God:
Gold:   175        SH:  0    Dex: 15    Spells: 3 memorised, 3 levels left

rFire  . . .     SeeInvis .     l - +0 dagger
rCold  . . .     Gourm    .     j - +0 mottled dragon armour
rNeg   + . .     Faith    .     (no shield)
rPois  .         Spirit   +     b - +0 hat
rElec  .         Dismiss  .     (no cloak)
rCorr  .         Reflect  .     w - +1 pair of gloves
SustAt .         Harm     .     (no boots)
MR     .....                    (no amulet)
Stlth  ..........               (no ring)
                                n - ring of positive energy

@: brilliant, agile, berserking (expiring), lethally poisoned (0 -> -21),
flying, very slightly contaminated, very quick, not resistant to hostile
enchantments, extremely unstealthy
A: rough black scales 1, magic shield
a: no special abilities


You were on level 5 of the Dungeon.
You were not hungry.

You visited 1 branch of the dungeon, and saw 4 of its levels.

You collected 175 gold pieces.

Inventory:

Hand Weapons
 l - a +0 dagger (weapon)
Armour
 a - a +0 robe
 b - a +0 hat (worn)
 j - a +0 mottled dragon armour (worn)
 w - a +1 pair of gloves (worn)
Jewellery
 n - a ring of positive energy (left hand)
Wands
 o - a wand of random effects (24/48)
Scrolls
 e - 3 scrolls of remove curse {unknown}
 f - a scroll of enchant weapon {unknown}
 g - a scroll of recharging {unknown}
 h - 2 scrolls of immolation {unknown}
 m - a scroll of noise {unknown}
 s - 2 scrolls of identify {unknown}
 x - 2 scrolls of fear {unknown}
Potions
 k - a potion of flight
 p - a potion of agility
 u - a potion of berserk rage
 v - 2 potions of cancellation {unknown}
Books
 c - a book of Minor Magic

   Spells                             Type                      Level
   a - Magic Dart                     Conjuration                  1
   b - Blink                          Translocation                2
   c - Call Imp                       Summoning                    2
   d - Repel Missiles                 Charms/Air                   2
   e - Slow                           Hexes                        2
   f - Conjure Flame                  Conjuration/Fire             3
   g - Mephitic Cloud                 Conjuration/Poison/Air       3
Comestibles
 d - 3 bread rations
 i - 2 meat rations
 t - 3 chunks of flesh


   Skills:
 - Level 1.7 Dodging
 - Level 1.7 Stealth
 - Level 3.0 Spellcasting
 + Level 5.3 Conjurations
   Level 1.0 Summonings
   Level 0.8 Translocations


You had 3 spell levels left.
You knew the following spells:

 Your Spells              Type           Power        Failure   Level  Hunger
a - Magic Dart            Conj           ####         1%          1    None
b - Conjure Flame         Conj/Fire      ####....     2%          3    ###....
c - Mephitic Cloud        Conj/Pois/Air  ####....     2%          3    ###....


Dungeon Overview and Level Annotations

Branches:
Dungeon (3/15)

Altars:
Ru


Innate Abilities, Weirdness & Mutations

You are partially covered in rough black scales (AC +4, Dex -1).
When hurt, damage is shared between your health and your magic reserves.


Message History

You closely miss the worker ant.
* * * LOW HITPOINT WARNING * * *
You feel sick. The worker ant bites you.
* * * LOW HITPOINT WARNING * * *
You are more poisoned.
The worker ant poisons you!
You closely miss the worker ant.
* * * LOW HITPOINT WARNING * * *
You feel sick. The worker ant misses you.
You puncture the worker ant!
The worker ant is heavily wounded.
* * * LOW HITPOINT WARNING * * *
You feel sick. The worker ant barely misses you.
You barely miss the worker ant.
The worker ant is heavily wounded.
* * * LOW HITPOINT WARNING * * *
You feel sick.
You puncture the worker ant!
You kill the worker ant!
You die...

. .# ###.#####
##....>#.....
##............
######.............
#.@†o5.............
.......####.............
####### #.a...........
#)?.........§.
##............
##.....#.....
############


You could see a crimson imp and an orc.

Vanquished Creatures
  Terence (D:2)
  2 worker ants (D:5)
  4 adders
  An ooze (D:2)
  2 worms (D:2)
  2 giant geckos
  An orc (D:3)
  4 giant cockroaches
  12 goblins
  5 hobgoblins
  3 jackals (D:3)
  6 kobolds
  3 quokkas
  2 ball pythons (D:3)
  5 bats
  3 giant newts
  A jackal skeleton (D:3)
  5 rats
62 creatures vanquished.

Notes
Turn   | Place    | Note
--------------------------------------------------------------
     0 | D:1      | TheOrbIsALie the Demonspawn Wizard began the quest for the Orb.
     0 | D:1      | Reached XP level 1. HP: 13/13 MP: 4/4
   418 | D:1      | Gained mutation: You are partially covered in rough black scales (AC +4, Dex -1). [demonic ancestry]
   418 | D:1      | Reached XP level 2. HP: 16/19 MP: 0/6
  1199 | D:2      | Reached XP level 3. HP: 24/24 MP: 1/7
  1257 | D:2      | Noticed Terence
  1263 | D:2      | Learned a level 3 spell: Conjure Flame
  1267 | D:2      | Learned a level 3 spell: Mephitic Cloud
  1296 | D:2      | Killed Terence
  1449 | D:2      | Reached XP level 4. HP: 27/30 MP: 8/8
  1469 | D:2      | Reached skill level 4 in Conjurations
  2183 | D:3      | Found a sacrificial altar of Ru.
  2330 | D:3      | You fall through a shaft for 2 floors!
  2330 | D:5      | Entered Level 5 of the Dungeon
  2367 | D:5      | Reached skill level 5 in Conjurations
  2367 | D:5      | Gained mutation: When hurt, damage is shared between your health and your magic reserves. [demonic ancestry]
  2367 | D:5      | Reached XP level 5. HP: 12/35 MP: 0/9
  2373 | D:5      | HP: 2/52 [poisoned by a worker ant]
  2375 | D:5      | Succumbed to a worker ant's poison

Vault maps used:
D:1:      minmay_arrival_five_plusses, minmay_quantized
D:2:      uniq_terence
D:3:      nicolae_ru_sacrificial_ziggurat, st_stairs_14, minmay_mini_jars
D:5:      serial_shops, nicolae_shop_competitors_out_of_business, first_bread

Action                   |  1- 3 |  4- 6 || total
-------------------------+-------+-------++-------
Melee: Unarmed           |    69 |       ||    69
       Dagger            |    62 |   102 ||   164
 Cast: Magic Dart        |    55 |    52 ||   107
       Conjure Flame     |     1 |       ||     1
       Mephitic Cloud    |     1 |       ||     1
  Use: Potion            |       |     5 ||     5
 Stab: Confused          |     1 |       ||     1
  Eat: Chunk             |     2 |     3 ||     5
